 Dungeon Crawl Stone Soup version 0.22.1-1-ga44c0e5 (webtiles) character file.

70 Lavandula the Chopper (level 4, -10/57 HPs)
             Began as a Centaur Berserker on Oct 22, 2018.
             Was a Believer of Trog.
             Mangled by an ogre
             ... wielding a +0 giant spiked club
              (18 damage)
             ... on level 5 of the Dungeon.
             The game lasted 00:04:26 (822 turns).

Lavandula the Chopper (Centaur Berserker)            Turns: 822, Time: 00:04:27

Health: -10/57     AC:  6    Str: 26    XL:     4   Next: 4%
Magic:  4/4        EV:  9    Int:  6    God:    Trog [**....]
Gold:   34         SH:  0    Dex:  8    Spells: 3/3 levels left

rFire    . . .     SeeInvis .   l - +0 war axe
rCold    . . .     Gourm    .   (no shield)
rNeg     . . .     Faith    .   b - +0 animal skin
rPois    .         Spirit   .   (no helmet)
rElec    .         Reflect  .   (no cloak)
rCorr    .         Harm     .   k - +1 pair of gloves
MR       .....                  (no barding)
Stlth    ..........             (no amulet)
HPRegen  0.19/turn              (no ring)
MPRegen  0.09/turn              (no ring)

@: berserking, very quick
A: large, hooves 3, deformed body, speed 2, tough skin 3
a: Berserk, Trog's Hand, Renounce Religion


You were on level 5 of the Dungeon.
You worshipped Trog.
Trog was pleased with you.
You were very hungry.

You visited 1 branch of the dungeon, and saw 5 of its levels.

You collected 89 gold pieces.
You spent 55 gold pieces at shops.

Inventory:

Hand Weapons
 a - a +0 hand axe
 g - a +0 hunting sling
 l - a +0 war axe (weapon)
Missiles
 q - 19 sling bullets
Armour
 b - a +0 animal skin (worn)
 e - a +0 ring mail
 k - a +1 pair of gloves (worn)
Jewellery
 n - an uncursed ring of protection from fire {unknown}
Scrolls
 d - 2 scrolls of magic mapping {unknown}
 f - 3 scrolls of remove curse {unknown}
 i - a scroll of identify {unknown}
 m - 3 scrolls of teleportation {unknown}
Potions
 h - a potion of degeneration {unknown}
 j - a potion of flight {unknown}
 p - a potion of curing {unknown}
Comestibles
 c - 5 rations
 o - a chunk of flesh


   Skills:
 - Level 3.0 Fighting
 + Level 4.4 Axes
 - Level 1.4 Armour
 - Level 1.4 Dodging


You had 3 spell levels left.
You didn't know any spells.
Your spell library was empty.

Dungeon Overview and Level Annotations

Branches:
Dungeon (5/15)
 Temple: D:4-7

Altars:

Shops:
D:5 *

Annotations:
D:5 Prince Ribbit


Innate Abilities, Weirdness & Mutations

You have hooves in place of feet.
Armour fits poorly on your strangely shaped body.
You cover ground very quickly.
You have extremely tough skin. (AC +3)


Message History

Prince Ribbit blinks!
A red film seems to cover your vision as you go berserk!
You feel yourself moving faster!
You feel mighty!
You are feeling hungry.
Prince Ribbit hits you!
You slice Prince Ribbit!!
Prince Ribbit is severely wounded.
Prince Ribbit hits you!
You are feeling very hungry.
You miss Prince Ribbit.
Prince Ribbit is severely wounded.
You barely miss the ogre.
The ogre hits you with a giant spiked club!
Prince Ribbit hits you!
* * * LOW HITPOINT WARNING * * *
You closely miss Prince Ribbit. Your kick misses Prince Ribbit.
Prince Ribbit is severely wounded.
You slash the ogre! Prince Ribbit closely misses you.
The ogre hits you with a giant spiked club!!
You die...

# .## #####..##.
#.........
###.........
#...O.......
#..@#####.#. ####
#..F# ...#
########...# ...#
#8.8.8.....# ...#
#.⌠.⌠......#
...####8.∩.8.....#
...'....⌠.⌠......#
...####8.8.8.....#
#### ##.........#


You could see Prince Ribbit and an ogre.

Vanquished Creatures
  2 adders (D:2)
  3 oozes
  A leopard gecko (D:2)
  5 orcs (D:5)
  2 ball pythons (D:2)
  A giant cockroach (D:1)
  3 hobgoblins
  8 kobolds
  A quokka (D:2)
  4 bats
  A frilled lizard (D:2)
  3 rats
34 creatures vanquished.

Notes
Turn   | Place    | Note
-------+----------+-------------------------------------------
     0 | D:1      | Lavandula the Centaur Berserker began the quest for the
                  | Orb.
     0 | D:1      | Reached XP level 1. HP: 19/19 MP: 1/1
    54 | D:1      | Reached skill level 3 in Axes
    90 | D:1      | Reached XP level 2. HP: 22/26 MP: 2/2
   300 | D:2      | Reached XP level 3. HP: 19/31 MP: 3/3
   346 | D:2      | Reached skill level 4 in Axes
   500 | D:3      | Reached ** piety under Trog
   547 | D:4      | Noticed a scorpion
   554 | D:5      | Entered Level 5 of the Dungeon
   641 | D:5      | Noticed a scorpion
   762 | D:5      | Noticed Prince Ribbit
   787 | D:5      | Found Cugog's Assorted Antiques.
   795 | D:5      | Bought a puce potion for 17 gold pieces
   795 | D:5      | Bought a scroll labeled ONIYHO RIOR for 19 gold pieces
   795 | D:5      | Bought a scroll labeled WYDWIU UNIB for 19 gold pieces
   803 | D:5      | Reached XP level 4. HP: 37/38 MP: 4/4
   814 | D:5      | Noticed an ogre
   822 | D:5      | Mangled by an ogre

Skill      XL: |  1  2  3 |
---------------+----------+-----
Axes           | 3 4 |  4.4
Fighting       | |  3.0
Armour         | |  1.4
Dodging        | |  1.4

Action                   |  1- 3 |  4- 6 || total
-------------------------+-------+-------++-------
Melee: Hand axe          |    71 |       ||    71
       Kick              |    11 |       ||    11
       War axe           |    13 |     3 ||    16
Invok: Berserk           |     2 |     1 ||     3
  Eat: Chunk             |     1 |       ||     1
Armor: Animal skin       |    33 |       ||    33
Dodge: Dodged            |    46 |     1 ||    47
